 Dungeon Crawl Stone Soup version 0.21.1-1-g345015f (webtiles) character file.

93 Kairos the Shield-Bearer (level 4, -6/35 HPs)
             Began as a Human Fighter on Mar 28, 2018.
             Was an Initiate of Okawaru.
             Mangled by a gnoll
             ... wielding a +0 halberd
              (7 damage)
             ... on level 3 of the Dungeon.
             The game lasted 00:02:38 (1113 turns).

Kairos the Shield-Bearer (Human Fighter)            Turns: 1113, Time: 00:02:39

Health: -6/35      AC:  8    Str: 16    XL:     4   Next: 91%
Magic:  4/4        EV:  7    Int: 10    God:    Okawaru [......]
Gold:   64         SH:  9    Dex: 14    Spells: 3/3 levels left

rFire    . . .     SeeInvis .   a - +0 war axe
rCold    . . .     Gourm    .   c - +0 shield
rNeg     . . .     Faith    .   b - +0 scale mail
rPois    .         Spirit   .   (no helmet)
rElec    .         Reflect  .   (no cloak)
rCorr    .         Harm     .   (no gloves)
MR       .....                  (no boots)
Stlth    ..........             (no amulet)
HPRegen  0.11/turn              (no ring)
MPRegen  0.09/turn              (no ring)

@: lethally poisoned (-6 -> -7)
A: yellow scales 1, clever 1
a: Renounce Religion


You were on level 3 of the Dungeon.
You worshipped Okawaru.
Okawaru was noncommittal.
You were hungry.

You visited 1 branch of the dungeon, and saw 3 of its levels.

You collected 64 gold pieces.

Inventory:

Hand Weapons
 a - a +0 war axe (weapon)
Armour
 b - a +0 scale mail (worn)
 c - a +0 shield (worn)
Scrolls
 e - a scroll of blinking {unknown}
 g - a scroll of random uselessness {unknown}
 h - 3 scrolls of remove curse {unknown}
 i - a scroll of teleportation {unknown}
 j - 4 scrolls of identify {unknown}
Potions
 d - a potion of might
 k - a potion of lignification {unknown}
 l - 3 potions of flight {unknown}
 m - a potion of brilliance {unknown}
Comestibles
 f - 9 rations


   Skills:
 + Level 3.0 Fighting
 + Level 3.2 Axes
 + Level 3.4 Armour
 + Level 1.1 Dodging
 + Level 3.7 Shields


You had 3 spell levels left.
You didn't know any spells.

Dungeon Overview and Level Annotations

Branches:
Dungeon (3/15)

Altars:
Gozag
Okawaru


Innate Abilities, Weirdness & Mutations

You are partially covered in yellow scales. (AC +2)
Your mind is acute. (Int +2)


Message History

The gnoll is moderately wounded.
You completely miss the goblin. You slash the gnoll!
The gnoll closely misses you. The goblin closely misses you.
The gnoll closely misses you. The goblin closely misses you.
The gnoll barely misses you.
You slash the gnoll!
The gnoll is almost dead.
You slash the goblin!
You kill the goblin!
Okawaru accepts your kill.
You hit the gnoll.
You kill the gnoll!
Okawaru accepts your kill. The gnoll hits you with a halberd.
* * * LOW HITPOINT WARNING * * *
You barely miss the gnoll.
The gnoll is almost dead.
* * * LOW HITPOINT WARNING * * *
You feel sick. The gnoll hits you with a halberd!
You die...

#######
##.<...##
##.(.....###
#.[.........
#.)........#
#.))@......#
#...g......#
#$........##
##..........
.........##
#.........#
#.........#
#.........#


You could see a gnoll.

Vanquished Creatures
  3 gnolls (D:3)
  A dart slug (D:2)
  4 leopard geckos
  An orc (D:2)
  3 giant cockroaches
  7 goblins
  5 hobgoblins
  4 jackals (D:1)
  9 kobolds
  A ball python (D:2)
  5 bats
  2 frilled lizards (D:1)
  11 rats
56 creatures vanquished.

Notes
Turn   | Place    | Note
-------+----------+-------------------------------------------
     0 | D:1      | Kairos the Human Fighter began the quest for the Orb.
     0 | D:1      | Reached XP level 1. HP: 18/18 MP: 1/1
    46 | D:1      | Reached XP level 2. HP: 14/24 MP: 2/2
   265 | D:1      | Reached XP level 3. HP: 28/29 MP: 3/3
   629 | D:1      | Gained mutation: Your mind is acute. (Int +2) [potion of mutation]
   629 | D:1      | Gained mutation: You are covered in fur. (AC +1) [potion of mutation]
   670 | D:2      | Reached XP level 4. HP: 35/35 MP: 4/4
   695 | D:2      | Lost mutation: Your mind is acute. (Int +2) [potion of mutation]
   695 | D:2      | Lost mutation: You are covered in fur. (AC +1) [potion of mutation]
   695 | D:2      | Gained mutation: You are agile. (Dex +2) [potion of mutation]
   695 | D:2      | Gained mutation: You have sharp toenails. [potion of mutation]
   703 | D:2      | Found an opulent altar of Gozag.
   764 | D:2      | Found an iron altar of Okawaru.
   775 | D:2      | Became a worshipper of Warmaster Okawaru
   790 | D:2      | Found a faded altar of an unknown god.
   817 | D:2      | Lost mutation: You have sharp toenails. [potion of mutation]
   817 | D:2      | Lost mutation: You are agile. (Dex +2) [potion of mutation]
   817 | D:2      | Gained mutation: Your mind is acute. (Int +2) [potion of mutation]
   817 | D:2      | Gained mutation: You are partially covered in yellow scales. (AC +2) [potion of mutation]
  1105 | D:3      | Reached skill level 1 in Dodging
  1113 | D:3      | HP: 1/35 [poisoned by a kobold]
  1113 | D:3      | Mangled by a gnoll

Skill      XL: |  1  2  3  4 |
---------------+-------------+-----
Axes           | 3 |  3.2
Dodging        | 1 |  1.1
Fighting       | |  3.0
Armour         | |  3.4
Shields        | |  3.7

Action                   |  1- 3 |  4- 6 || total
-------------------------+-------+-------++-------
Melee: War axe           |   117 |    26 ||   143
       Kick              |       |     1 ||     1
  Use: Potion            |     2 |     2 ||     4
Armor: Scale mail        |    69 |     8 ||    77
Dodge: Dodged            |    36 |    13 ||    49
Block: Shield            |    76 |    21 ||    97
